 Dungeon Crawl Stone Soup version 0.25.0-46-gbd7b0854d2 (webtiles) character file.

Game seed: 16217895677658899106

695 nikku the Chopper (level 7, -2/64 HPs)
             Began as a Minotaur Berserker on July 18, 2020.
             Was a Believer of Trog.
             Slain by an ogre
             ... wielding a +0 giant club
              (18 damage)
             ... on level 5 of the Dungeon.
             The game lasted 00:07:48 (4525 turns).

nikku the Chopper (Minotaur Berserker)              Turns: 4525, Time: 00:07:49

Health: -2/64      AC: 10    Str: 23    XL:     7   Next: 37%
Magic:  6/6        EV:  9    Int:  4    God:    Trog [**....]
Gold:   209        SH:  0    Dex: 10    Spells: 6/6 levels left

rFire    + . .     SeeInvis .   a - +1 hand axe
rCold    . . .     Gourm    .   (no shield)
rNeg     . . .     Faith    .   e - +0 chain mail
rPois    .         Spirit   .   (helmet restricted)
rElec    .         Reflect  .   (no cloak)
rCorr    +         Harm     .   (no gloves)
MR       ++...                  (no boots)
Stlth    ..........             (no amulet)
HPRegen  1.20/turn              o - ring of resist corrosion
MPRegen  0.10/turn              s - ring of protection from fire

@: regenerating
A: retaliatory headbutt, horns 2
a: Berserk, Trog's Hand, Renounce Religion


You were on level 5 of the Dungeon.
You worshipped Trog.
Trog was pleased with you.
You were very hungry.

You visited 1 branch of the dungeon, and saw 5 of its levels.

You collected 209 gold pieces.

Inventory:

Hand Weapons
 a - a +1 hand axe (weapon)
Missiles
 h - 27 poisoned darts (quivered)
Armour
 b - a +0 plate armour
 e - a +0 chain mail (worn)
 f - a cursed +0 ring mail
Jewellery
 o - a ring of resist corrosion (left hand)
 s - a ring of protection from fire (right hand)
Scrolls
 n - a scroll of teleportation
 p - a scroll of enchant armour
Potions
 d - a potion of mutation
 i - 3 potions of curing
 j - a potion of invisibility {unknown}
 m - 2 potions of resistance {unknown}
 r - a potion of heal wounds {unknown}
 t - a potion of ambrosia {unknown}
 v - a potion of might {unknown}
Comestibles
 c - 11 rations


   Skills:
 + Level 6.6 Fighting
 + Level 6.7 Axes
 + Level 6.1 Armour
 - Level 2.1 Dodging


You had 6 spell levels left.
You didn't know any spells.
Your spell library was empty.

Dungeon Overview and Level Annotations

Branches:
Dungeon (5/15)
 Temple: D:4-7

Altars:
Ashenzari
Cheibriados
Fedhas
Hepliaklqana
Qazlal
Wu Jian
Xom
The Shining One


Innate Abilities, Weirdness & Mutations

You reflexively headbutt those who attack you in melee.
You have a pair of horns on your head.


Message History

Found 15 gold pieces.
The ogre closely misses you.
You slash the ogre!
The ogre is moderately wounded.
The ogre hits you with a +0 giant club!!
You hit the ogre. You headbutt the ogre!
The ogre is almost dead.
The ogre hits you with a +0 giant club!!
* * * LOW HITPOINT WARNING * * *
You are too injured to fight recklessly!
Your skin crawls.
You feel resistant to hostile enchantments.
You feel quite a bit more hungry.
You are too injured to fight recklessly!
You are too injured to fight recklessly!
You barely miss the ogre. You headbutt the ogre.
The ogre is almost dead.
You are feeling very hungry.
The ogre hits you with a +0 giant club!!
You die...

###############################
..............................#
#############################.###
.. ..# #...# .###.#########
###### ###.# .#.#.#.#.#.#.#
#....# #.# #.#.#.#.#.#.## #....#
#.. .#.#.#.#.#.#.# #.O..# ###
#.#.#.#.#.#.####@...##
.#.#.#.#.#.#.....[..># ########
#.#.#.#.#.#.##<#.....# #.......
.#.#.#.#.#.#.#.#$....# #.######
#.#.#.#.#.#.##.#.....# #.#
.#.#.#.#.#.#.#.#.....# #.# #.#.#
..####..#####.###### .#.# ###
#..#........... .#
#..#.###.#####.


You could see an ogre.

Vanquished Creatures
  A hornet zombie (D:2)
  A phantom (D:4)
  4 ogres
  A centaur skeleton (D:4)
  A worker ant (D:4)
  5 adders
  A gnoll (D:1)
  An ooze (D:1)
  An adder skeleton (D:5)
  4 dart slugs (D:1)
  7 leopard geckos
  2 orcs
  7 giant cockroaches
  A goblin (D:2)
  10 hobgoblins
  5 jackals
  3 quokkas
  7 bats
  2 frilled lizards (D:4)
  5 kobolds
  A quokka skeleton (D:4)
  6 rats
76 creatures vanquished.

Notes
Turn   | Place    | Note
-------+----------+-------------------------------------------
     0 | D:1      | nikku the Minotaur Berserker began the quest for the Orb.
     0 | D:1      | Reached XP level 1. HP: 19/19 MP: 0/0
   109 | D:1      | Reached XP level 2. HP: 27/27 MP: 1/1
   476 | D:1      | Reached XP level 3. HP: 27/33 MP: 2/2
   794 | D:1      | Reached ** piety under Trog
  1253 | D:2      | Found a hazy altar of Hepliaklqana.
  1254 | D:2      | Found a shimmering altar of Xom.
  1254 | D:2      | Noticed a phantom
  1255 | D:2      | Noticed a spectral ugly thing
  1812 | D:2      | Reached skill level 5 in Fighting
  1812 | D:2      | Reached skill level 5 in Axes
  1812 | D:2      | Reached XP level 4. HP: 9/42 MP: 3/3
  1812 | D:2      | Reached XP level 5. HP: 10/48 MP: 4/4
  2569 | D:3      | Found a glowing golden altar of the Shining One.
  2571 | D:3      | Found a shimmering altar of Xom.
  2571 | D:3      | Found an ornate altar of the Wu Jian Council.
  2573 | D:3      | Found a snail-covered altar of Cheibriados.
  2573 | D:3      | Found a glowing golden altar of the Shining One.
  2573 | D:3      | Found a stormy altar of Qazlal.
  2702 | D:3      | Found a shattered altar of Ashenzari.
  2921 | D:3      | Found a blossoming altar of Fedhas.
  3207 | D:3      | Noticed an ogre
  3212 | D:3      | Killed an ogre
  3212 | D:3      | Reached XP level 6. HP: 56/56 MP: 5/5
  3403 | D:4      | Reached skill level 5 in Armour
  3659 | D:4      | Reached XP level 7. HP: 59/64 MP: 6/6
  4236 | D:5      | Entered Level 5 of the Dungeon
  4525 | D:5      | Slain by an ogre

Illustrated notes

Levels and vault maps discovered:
D:1:      dpeg_arrival_connections, layout_loops_corners, serial_bayou,
          serial_bayou_pond_c, serial_bayou_pond_d, serial_bayou_pond_b,
          serial_bayou_pond_b
D:2:      layout_loops_corners, regret_index_temple_of_mockery
D:3:      layout_basic, evilmike_ruin_ashenzari, fedhas_altar_1,
          doesnt_xom_only_xom
D:4:      layout_rooms
D:5:      layout_basic, first_ration

Skill      XL: |  1  2  3  4  5  6  7 |
---------------+----------------------+-----
Fighting       | 4 5 6 |  6.6
Axes           | 4 5 6 |  6.7
Armour         | 3 4 5 6 |  6.1
Dodging        | |  2.1

Action                   |  1- 3 |  4- 6 |  7- 9 || total
-------------------------+-------+-------+-------++-------
Melee: Hand axe          |    64 |    77 |    36 ||   177
       Headbutt          |     7 |    14 |     9 ||    30
Invok: Berserk           |     1 |     2 |       ||     3
       Trog's Hand       |       |     2 |     1 ||     3
  Use: Scroll            |     4 |     3 |     5 ||    12
 Stab: Sleeping          |       |       |     1 ||     1
  Eat: Chunk             |     3 |     8 |     3 ||    14
Armor: Animal skin       |     9 |       |       ||     9
       Leather armour    |     6 |    12 |     4 ||    22
       Chain mail        |       |       |     4 ||     4
Dodge: Dodged            |    35 |    44 |    16 ||    95
